 Dungeon Crawl Stone Soup version 0.28.0 (webtiles) character file.

Game seed: 11212827594790664598

2820 Minsecho the Fighter (level 9, -3/145 HPs)
             Began as an Ogre Berserker on Feb 16, 2022.
             Was an Elder of Trog.
             Slain by an orc warrior (17 damage)
             ... on level 7 of the Dungeon.
             The game lasted 00:17:30 (13022 turns).

Minsecho the Fighter (Ogre Berserker)              Turns: 13022, Time: 00:17:30

Health: -3/145     AC:  3    Str: 23    XL:     9   Next: 73%
Magic:  18/18      EV: 12    Int:  8    God:    Trog [****..]
Gold:   154        SH:  5    Dex: 12    Spells: 8/8 levels left

rFire   + + .      SeeInvis .   B - +1 mace "Laqelips" {vorpal, rElec rF+ rN+}
rCold   + . .      Faith    .   (no shield)
rNeg    + . .      Spirit   .   b - +0 animal skin
rPois   .          Reflect  +   (helmet restricted)
rElec   +          Harm     .   H - scarf {rC+ rF+}
rCorr   .          Rampage  .   (gloves unavailable)
Will    .....                   (boots unavailable)
Stlth   ..........              k - amulet of reflection
HPRegen 0.34/turn               z - ring of magical power
MPRegen 0.16/turn               (no ring)

@: berserking, very quick
A: large, unfitting armour, tough skin 1
a: Renounce Religion, Berserk, Trog's Hand, Brothers in Arms


You were on level 7 of the Dungeon.
You worshipped Trog.
Trog was greatly pleased with you.
You visited 1 branch of the dungeon, and saw 8 of its levels.
You also visited: Sewer.

You collected 429 gold pieces.
You spent 275 gold pieces at shops.

Inventory:

Hand Weapons
 a - a +0 mace
 y - a +0 giant club
 B - the +1 mace "Laqelips" (weapon) {vorpal, rElec rF+ rN+}
   (You found it on level 5 of the Dungeon)

   It inflicts extra damage upon your enemies.
   rF:        It protects you from fire.
   rElec:     It insulates you from electricity.
   rN:        It protects you from negative energy.
 G - a +0 flail
 J - a +0 dire flail
Missiles
 v - 4 silver boomerangs (quivered)
Armour
 b - a +0 animal skin (worn)
 x - a +1 cloak
 F - the +1 robe "Caenlu" {Harm rN+}
   (You bought it in a shop on level 6 of the Dungeon)

   rN:        It protects you from negative energy.
   Harm:      It increases damage dealt and taken.
 H - a scarf of resistance (worn)
Jewellery
 k - an amulet of reflection (around neck)
 z - a ring of magical power (left hand)
Scrolls
 e - 4 scrolls of fear
 f - 2 scrolls of vulnerability {unknown}
 g - 4 scrolls of teleportation
 j - a scroll of blinking {unknown}
 m - 2 scrolls of immolation {unknown}
 n - a scroll of fog {unknown}
 p - a scroll of brand weapon {unknown}
 r - 2 scrolls of enchant weapon {unknown}
 u - 2 scrolls of enchant armour {unknown}
 E - a scroll of amnesia {unknown}
 I - a scroll of identify
Potions
 c - 2 potions of cancellation
 d - a potion of invisibility
 h - 3 potions of flight
 i - a potion of lignification
 l - 4 potions of haste
 o - 2 potions of curing
 q - a potion of attraction
 s - a potion of might
 t - a potion of experience {unknown}
 w - a potion of heal wounds {unknown}
 A - a potion of degeneration {unknown}
 C - a potion of brilliance {unknown}
 D - a potion of magic {unknown}


   Skills:
 + Level 8.5 Fighting
 + Level 8.2 Maces & Flails
 + Level 6.1 Dodging
 - Level 2.7 Stealth
 + Level 3.3 Shields
 + Level 0.5 Evocations


You had 8 spell levels left.
You didn't know any spells.
Your spell library contained the following spells:

 Spells                   Type           Power      Damage    Failure   Level
 Shock                    Conj/Air       0%         1d3       41%         1
 Confusing Touch          Hex            0%         N/A       78%         3
 Gell's Gravitas          Tloc           0%         N/A       78%         3
 Portal Projectile        Hex/Tloc       0%         N/A       78%         3
 Swiftness                Air            0%         N/A       78%         3
 Teleport Other           Tloc           0%         N/A       78%         3
 Airstrike                Air            0%         N/A       99%         4
 Blade Hands              Tmut           0%         N/A       100%        5
 Excruciating Wounds      Necr           0%         N/A       100%        5
 Yara's Violent Unravell  Hex/Tmut       0%         3d3       100%        5
 Dispersal                Tloc           0%         N/A       100%        6
 Enfeeble                 Hex            0%         N/A       100%        7


Dungeon Overview and Level Annotations

Branches:
Dungeon (8/15)             Temple (0/1) D:4           Sewer (visited)
   Lair: D:8-11

Altars:
Dithmenos
Fedhas
Hepliaklqana
Qazlal
Trog

Shops:
D:1 ?   D:6 [

Annotations:
D:5 2 transporters, jr88keys's ghost, novice OpFi
D:8 Harold; Joseph


Innate Abilities, Weirdness & Mutations

You are too large for most types of armour.
You have tough skin. (AC +1)


Message History

The orc warrior hits you with a +0 flail!
The orc hits you with a +0 club.
You climb upwards.
There is a stone staircase leading down, spattered with blood here.
You closely miss the orc warrior.
The orc warrior hits you with a +0 flail!
The orc closely misses you.
You hit the orc warrior.
The orc warrior is lightly wounded.
The orc warrior hits you with a +0 flail.
The orc barely misses you.
You hit the orc warrior but do no damage.
The orc warrior is lightly wounded.
The orc warrior closely misses you. The orc closely misses you.
You hit the orc warrior.
The orc warrior is moderately wounded.
The orc warrior hits you with a +0 flail!!
The orc closely misses you.
The orc warrior hits you with a +0 flail!
* * * LOW HITPOINT WARNING * * *
Things that are here:
a +0 ring mail; a +0 hand axe
There is an open door here.
You see here a +0 flail.
A red film seems to cover your vision as you go berserk!
You feel yourself moving faster!
You feel mighty!
The orc warrior hits you with a +0 flail!!
* * * LOW HITPOINT WARNING * * *
You block the orc's attack.
You barely miss the orc warrior.
The orc warrior is moderately wounded.
You closely miss the orc warrior.
The orc warrior is moderately wounded.
The orc warrior hits you with a +0 flail.
* * * LOW HITPOINT WARNING * * *
You block the orc's attack.
You hit the orc warrior.
The orc warrior is heavily wounded.
The orc warrior hits you with a +0 flail!
You die...

..# #..................#
..# #..................#
..# #.......#'##.......#
..# #.......#..#.......#
..####.......+..+.......#
'##..#.......####.......#
.....#.......#..#.......#
.....#########.[#.......#
.##...).........@o.[....#
###.......^....[#o>.....#
.##..##.....##..#[))....#
.##..##.....##..#.......#
.##..##.....##..#.......#
.##...#.....#...#.......#
..>...'.....#...#.......#
......#.....#...'...(...#
+##..#####+####+#.......#


You could see an orc warrior and an orc.

Vanquished Creatures
  Eustachio (D:5)
  Menkaure (D:4)
  2 ice beasts (D:7)
  Duvessa (D:4)
  5 orc warriors
  An ogre (D:4)
  A centaur (D:4)
  2 bullfrogs (Sewer)
  2 scorpions
  Dowan (D:4)
  4 killer bees (D:7)
  4 howler monkeys (D:7)
  3 wights
  A bullfrog zombie (D:6)
  A centaur skeleton (D:5)
  A hound (D:4)
  2 bullfrog skeletons (D:6)
  6 orc priests
  Crazy Yiuf (D:4)
  2 iguanas
  4 orc wizards
  A howler monkey skeleton (D:7)
  10 river rats (Sewer)
  9 adders
  A white imp (D:5)
  4 worms
  A dart slug (D:2)
  46 orcs
  10 ball pythons
  8 bats
  5 endoplasms
  2 giant cockroaches
  14 goblins
  15 hobgoblins
  3 jackals (D:4)
  A quokka (D:1)
  3 frilled lizards
  7 kobolds
  29 rats
  A spectral kobold (D:5)
216 creatures vanquished.

Notes
Turn   | Place    | Note
-------+----------+-------------------------------------------
     0 | D:1      | Minsecho the Ogre Berserker began the quest for the Orb.
     0 | D:1      | Reached XP level 1. HP: 24/24 MP: 1/1
   375 | D:1      | Reached XP level 2. HP: 27/33 MP: 2/2
   702 | D:1      | Found Zuidghei's Magic Scroll Shoppe.
  1265 | D:2      | Reached XP level 3. HP: 38/40 MP: 3/3
  1315 | D:2      | Found a faded altar of an unknown god.
  2111 | D:3      | Reached ** piety under Trog
  2412 | D:3      | Reached XP level 4. HP: 42/49 MP: 4/4
  2445 | D:3      | Found a glowing drain.
  2455 | Sewer    | Entered a sewer
  2753 | Sewer    | Reached XP level 5. HP: 37/55 MP: 5/5
  2938 | Sewer    | Reached skill level 1 in Shields
  3060 | Sewer    | Reached skill level 5 in Fighting
  3500 | Sewer    | Reached XP level 6. HP: 66/66 MP: 6/6
  3508 | Sewer    | Reached skill level 1 in Stealth
  3728 | D:3      | Reached *** piety under Trog
  4030 | D:1      | Bought a scroll of fear for 45 gold pieces
  4030 | D:1      | Bought a scroll of identify for 26 gold pieces
  4030 | D:1      | Bought a scroll of teleportation for 39 gold pieces
  4361 | D:4      | Noticed Menkaure
  4374 | D:4      | Killed Menkaure
  4375 | D:4      | Reached skill level 5 in Maces & Flails
  4375 | D:4      | Reached XP level 7. HP: 9/75 MP: 7/7
  4687 | D:4      | Found a staircase to the Ecumenical Temple.
  4721 | D:4      | Found a runed translucent door.
  4722 | D:4      | Noticed Crazy Yiuf
  4934 | D:4      | Noticed Duvessa
  4934 | D:4      | Noticed Dowan
  4947 | D:4      | Killed Dowan
  4950 | D:4      | Found a shadowy altar of Dithmenos.
  5597 | D:4      | Killed Duvessa
  5889 | D:4      | Reached XP level 8. HP: 54/84 MP: 8/8
  6470 | D:4      | Killed Crazy Yiuf
  6672 | D:5      | Entered Level 5 of the Dungeon
  7118 | D:5      | Noticed Eustachio
  7184 | D:5      | Killed Eustachio
  7447 | D:5      | Identified the +1 mace "Laqelips" {vorpal, rElec rF+ rN+}
  7665 | D:5      | Found a transporter.
  7665 | D:5      | Noticed jr88keys's ghost (novice OpFi)
  7668 | D:5      | Found a transporter.
  8150 | D:5      | Found a hazy altar of Hepliaklqana.
  8191 | D:6      | Reached skill level 5 in Dodging
  9469 | D:6      | Found Cemma's Antique Armour Shoppe.
  9471 | D:6      | Found a bloodstained altar of Trog.
  9477 | D:6      | Bought an ichor-stained robe for 165 gold pieces
  9477 | D:6      | Identified the +1 robe "Caenlu" {Harm rN+} (You bought it
                  | in a shop on level 6 of the Dungeon)
  9555 | D:6      | Found a blossoming altar of Fedhas.
  9695 | D:6      | Reached XP level 9. HP: 78/93 MP: 9/9
 10133 | D:7      | Reached **** piety under Trog
 11392 | D:7      | Found a stormy altar of Qazlal.
 11579 | D:8      | Noticed Joseph
 11879 | D:8      | Noticed Harold
 13022 | D:7      | Slain by an orc warrior

Illustrated notes

Levels and vault maps discovered:
D:1:      eino_arrival_cavern_b, layout_loops_cross, serial_shops,
          nicolae_shop_stone
D:2:      minmay_inner_zag, layout_basic, shapermc_ecumenical_altar_totnotflames
D:3:      cheibrodos_greedy_goblins, layout_rooms, portal_sewer_entry_a
D:4:      layout_loops_corners, grunt_dithmenos_smoke, temple_pool_b,
          minmay_misc_feat_doors, uniq_duvessa, uniq_crazy_yiuf_cottage,
          uniq_menkaure
D:5:      layout_loops_ring, nicolae_hepliaklqana_monster_ancestors,
          gammafunk_ghost_mausoleum, uniq_eustachio
D:6:      layout_cave_pools, kennysheep_mini_moat, trog_three_pillars_becter,
          serial_shops, shop
D:7:      layout_gridville, nicolae_qazlal_style_of_elements
D:8:      layout_rooms, special_room [special_room_orc], uniq_harold,
          uniq_joseph

Skill      XL: |  1  2  3  4  5  6  7  8  9 |
---------------+----------------------------+-----
Maces & Flails | 3 4 5 7 8 |  8.2
Dodging        | 3 4 5 6 |  6.1
Shields        | 1 2 3 |  3.3
Fighting       | 5 6 7 8 |  8.5
Stealth        | 1 2 |  2.7
Evocations     | |  0.5

Action                   |  1- 3 |  4- 6 |  7- 9 || total
-------------------------+-------+-------+-------++-------
Melee: Mace              |   124 |   179 |   520 ||   823
       Punch             |     1 |     2 |     3 ||     6
Invok: Berserk           |     2 |     3 |    11 ||    16
       Trog's Hand       |       |     1 |       ||     1
Evoke: Wand              |       |     3 |     4 ||     7
  Use: Scroll            |       |     7 |     2 ||     9
       Potion            |       |       |     1 ||     1
 Stab: Sleeping          |     1 |     1 |     4 ||     6
       Paralysed         |       |     5 |     4 ||     9
Armor: Animal skin       |    48 |    37 |    92 ||   177
Dodge: Dodged            |    84 |   120 |   257 ||   461
Block: Other             |    19 |    55 |   107 ||   181
       Reflection        |     1 |       |     1 ||     2
